 Dungeon Crawl Stone Soup version 0.28-a0-726-g4a9143789a (webtiles) character file.

Game seed: 5105356503222482730

201 pokeman the Magician (level 5, 0/29 HPs)
             Began as a Deep Elf Hedge Wizard on Oct 27, 2021.
             Slain by a kobold brigand (2 damage)
             ... in a sewer.
             The game lasted 00:07:37 (3389 turns).

pokeman the Magician (Deep Elf Hedge Wizard)        Turns: 3389, Time: 00:07:38

Health: 0/29       AC:  2    Str:  7    XL:     5   Next: 50%
Magic:  0/15       EV: 13    Int: 20    God:
Gold:   37         SH:  0    Dex: 14    Spells: 5/16 levels left

rFire   . . .      SeeInvis .   f - +0 dagger (protect)
rCold   . . .      Faith    .   (no shield)
rNeg    . . .      Spirit   .   b - +0 robe
rPois   .          Reflect  .   c - +0 hat
rElec   .          Harm     .   (no cloak)
rCorr   .          Rampage  .   (no gloves)
Will    .....                   (no boots)
Stlth   +.........              (no amulet)
HPRegen 0.09/turn               (no ring)
MPRegen 0.14/turn               (no ring)

@: very slow
A: no striking features
a: no special abilities


You were in a sewer.
You visited 1 branch of the dungeon, and saw 3 of its levels.
You also visited: Sewer.

You collected 37 gold pieces.

Inventory:

Hand Weapons
 f - a +0 dagger of protection (weapon)
Missiles
 g - 11 bolts
 i - 15 arrows
Armour
 b - a +0 robe (worn)
 c - a +0 hat (worn)
Wands
 l - a wand of flame (11)
Scrolls
 d - 3 scrolls of enchant weapon {unknown}
 e - a scroll of fog {unknown}
 j - a scroll of amnesia {unknown}
 k - a scroll of identify {unknown}
 m - a scroll of teleportation {unknown}
 p - a scroll of summoning {unknown}
Potions
 a - a potion of haste {unknown}
 h - 2 potions of cancellation {unknown}
 n - a potion of heal wounds {unknown}
 o - a potion of attraction {unknown}


   Skills:
 - Level 1.0 Fighting
 - Level 1.1 Armour
 - Level 3.2 Dodging
 + Level 2.4 Stealth
 * Level 6.4 Spellcasting
 + Level 2.8 Conjurations
 - Level 1.1 Summonings
 - Level 1.1 Translocations
 - Level 1.3 Fire Magic
 + Level 0.0 Air Magic


You had 5 spell levels left.
You knew the following spells:

 Your Spells              Type           Power      Damage    Failure   Level
a - Magic Dart            Conj           68%        1d6       3%          1
b - Mephitic Cloud        Conj/Pois/Air  10%        N/A       21%         3
c - Call Imp              Summ           10%        N/A       10%         2
d - Blink                 Tloc           20%        N/A       10%         2
e - Conjure Flame         Conj/Fire      14%        6-21      13%         3

Your spell library contained the following spells:

 Spells                   Type           Power      Damage    Failure   Level
 Slow                     Hex            6%         N/A       16%         2


Dungeon Overview and Level Annotations

Branches:
Dungeon (3/15)              Sewer (1/1)

Altars:
Gozag

Annotations:
D:3 Robin


Message History

The kobold brigand is severely wounded.
The kobold brigand is engulfed in noxious fumes.
Unknown command.
Your unstable footing causes you to fumble your attack.
The kobold brigand is engulfed in noxious fumes.
The kobold brigand appears confused.
The kobold brigand gestures wildly.
The kobold brigand hits the kobold brigand with a +0 dagger.
Unknown command.
Casting: Mephitic Cloud (extremely dangerous; 22% risk of failure)
Confirm with . or Enter, or press ? or * to list all spells.
Aiming: Magic Dart (safe; 3% risk of failure)
Press: ? - help, Shift-Dir - straight line, f/p - kobold brigand
Aim: a kobold brigand, wielding a +0 dagger and quivering poisoned darts (almost dead, confused, 100% to hit)
The magic dart hits the kobold brigand but does no damage.
The kobold brigand is almost dead.
The kobold brigand screams, "I'll kill you anyway!"
Your unstable footing causes you to fumble your attack.
The kobold brigand hits the kobold brigand with a +0 dagger.
The kobold brigand is engulfed in noxious fumes.
You kill the kobold brigand!
You hear a splash. x2
Your Dodging skill increases to level 3!
Your Fire Magic skill increases to level 1!
You have reached level 5!
Casting: Magic Dart (safe; 3% risk of failure)
Confirm with . or Enter, or press ? or * to list all spells.
Aiming: Magic Dart (safe; 3% risk of failure)
Press: ? - help, Shift-Dir - straight line, f/p - kobold brigand
Aim: a kobold brigand, wielding a +0 dagger and quivering poisoned darts (almost dead, confused, 100% to hit)
The magic dart hits the kobold brigand but does no damage.
The kobold brigand is almost dead.
The kobold brigand seems less confused.
The kobold brigand hits you with a +0 dagger.
* * * LOW HITPOINT WARNING * * *
Things that are here:
a +0 dagger; 3 poisoned darts; a kobold corpse Your unstable footing causes you to fumble your attack.
The kobold brigand hits you with a +0 dagger.
You die...

.≈. #≈ #≈# #≈# #≈# #≈
#≈# #≈# #≈ #≈# #≈# #≈
##≈## ##≈## ##≈ ##≈≈.##
##.≈.## ##.≈
#.≈≈..####≈....#####.≈.
#...)K@≈≈†≈≈≈.≈≈≈≈≈≈≈.∩
#....≈####.≈≈..#####≈≈≈
##..≈## ##≈≈≈## ##..
##.## ##≈## ##≈ #.# #≈#
#≈ #.# #≈# #≈ #.# ##≈##
##) #.# ##.≈.## ##.≈
≈?. #≈..)≈#####..≈


You could see a kobold brigand.

Vanquished Creatures
  A kobold brigand (Sewer)
  A bullfrog skeleton (D:2)
  2 adders (D:3)
  2 worms
  An orc (D:3)
  4 ball pythons
  4 bats
  5 endoplasms
  A giant cockroach (D:3)
  11 goblins
  8 hobgoblins
  6 jackals (D:1)
  10 kobolds
  3 quokkas
  7 frilled lizards
  10 rats
76 creatures vanquished.

Notes
Turn   | Place    | Note
-------+----------+-------------------------------------------
     0 | D:1      | pokeman the Deep Elf Hedge Wizard began the quest for the
                  | Orb.
     0 | D:1      | Reached XP level 1. HP: 10/10 MP: 7/7
   379 | D:1      | Reached XP level 2. HP: 16/16 MP: 6/9
   837 | D:1      | Reached skill level 5 in Spellcasting
   982 | D:1      | Reached XP level 3. HP: 17/20 MP: 6/11
   990 | D:1      | Learned a level 3 spell: Mephitic Cloud
   993 | D:1      | Learned a level 2 spell: Call Imp
   996 | D:1      | Learned a level 2 spell: Blink
  1000 | D:1      | Learned a level 3 spell: Conjure Flame
  2081 | D:2      | Found an opulent altar of Gozag.
  2143 | D:2      | Found a faded altar of an unknown god.
  2183 | D:2      | Reached skill level 1 in Fighting
  2387 | D:2      | Reached skill level 1 in Armour
  2387 | D:2      | Reached XP level 4. HP: 14/25 MP: 5/13
  2738 | D:3      | Noticed Robin
  2943 | D:3      | Found a glowing drain.
  2953 | D:3      | Reached skill level 6 in Spellcasting
  3043 | Sewer    | Entered a sewer
  3330 | Sewer    | Noticed a kobold brigand
  3333 | Sewer    | Noticed a kobold brigand
  3385 | Sewer    | Killed a kobold brigand
  3386 | Sewer    | Reached skill level 1 in Fire Magic
  3386 | Sewer    | Reached XP level 5. HP: 7/29 MP: 0/15
  3389 | Sewer    | Slain by a kobold brigand

Illustrated notes

Levels and vault maps discovered:
D:1:      minmay_arrival_widening_spiral_wide, layout_loops_corners,
          chequers_serial_rivers_micro_b
D:2:      layout_basic, shapermc_ecumenical_altar_venn, basic_altar
D:3:      layout_loops_ring, portal_sewer_entry_d, uniq_robin
Sewer:    sewer_co_15_rooms

Skill      XL: |  1  2  3  4 |
---------------+-------------+-----
Spellcasting   | 5 6 |  6.4
Conjurations   | 2 |  2.8
Fighting       | 1 |  1.0
Armour         | 1 |  1.1
Dodging        | 3 |  3.2
Fire Magic     | 1 |  1.3
Stealth        | |  2.4
Summonings     | |  1.1
Translocations | |  1.1

Action                   |  1- 3 |  4- 6 || total
-------------------------+-------+-------++-------
Melee: Dagger            |    53 |    30 ||    83
 Cast: Magic Dart        |   116 |    57 ||   173
       Conjure Flame     |     1 |       ||     1
       Mephitic Cloud    |       |     4 ||     4
       Call Imp          |       |     2 ||     2
       Blink             |       |     1 ||     1
 Stab: Distracted        |       |     1 ||     1
       Confused          |       |     1 ||     1
       Sleeping          |       |     1 ||     1
Armor: Robe              |    19 |     7 ||    26
Dodge: Dodged            |    57 |    33 ||    90

Table legend: (Time is in decaauts)
 A = Elapsed time spent in this place.
 B = Non-inter-level travel time spent in this place.
 C = Inter-level travel time spent in this place.
 D = Time resting spent in this place.
 E = Time spent auto-exploring this place.
 F = Levels seen in this place.
 G = Mean time per level.
                   A        B        C        D        E       F      G
               +--------+--------+--------+--------+--------+-----+--------+
         Total |   3407 |   3334 |     73 |    221 |   2458 |   4 |  851.8 |
       Dungeon |   3043 |   2970 |     73 |     85 |   2321 |   3 | 1014.3 |
         Sewer |    364 |    364 |      0 |    136 |    136 |   1 |  364.0 |
               +--------+--------+--------+--------+--------+-----+--------+

Top non-repeatable levels by time:
     D:1: 1757 daAuts
     D:2: 939 daAuts
   Sewer: 364 daAuts
     D:3: 346 daAuts
